 Dungeon Sprint DCSS version 0.28.0-43-g3370ac3207 (webtiles) character file.

Game seed: 14910117550954953684

14608 boopmooplesden the Minotaur Blade (level 11, 0/123 HPs)
             Began as a Minotaur Berserker on Mar 30, 2022.
             Was the Champion of Trog.
             Slain by Sonja
             ... wielding a +2 short sword of distortion
              (9 damage)
             ... in the Dungeon (Sprint VII: "The Pits").
             The game lasted 00:07:18 (3037 turns).

boopmooplesden the Minotaur Blade (MiBe)            Turns: 3037, Time: 00:07:19

Health: 0/123      AC: 16    Str: 16    XL:     11   Next: 90%
Magic:  1/3        EV: 12    Int:  6    God:    Trog [******]
Gold:   49         SH:  0    Dex: 16    Spells: 10/10 levels left

rFire   + . .      SeeInvis +   w - +6 triple sword "Quloofoph" {antimagic, rC+ Str-5 SInv}
rCold   + . .      Faith    .   (shield currently unavailable)
rNeg    . . .      Spirit   .   v - +7 chain mail
rPois   .          Reflect  .   (helmet restricted)
rElec   .          Harm     .   (no cloak)
rCorr   .          Rampage  .   (no gloves)
Will    .....      NoTele   +   (no boots)
Stlth   ..........              (no amulet)
HPRegen 0.30/turn               r - +3 ring of dexterity
MPRegen 0.08/turn               E - ring of protection from fire

@: lethally poisoned (0 -> -24), on berserk cooldown
A: horns 2, retaliatory headbutt, clever 1, deformed body, weak 1
a: Renounce Religion, Berserk, Trog's Hand, Brothers in Arms


You were in the Dungeon.
You worshipped Trog.
Trog was exalted by your worship.
You visited 1 branch You collected 49 gold pieces.

Inventory:

Hand Weapons
 a - a +0 falchion
 i - a +2 falchion
 l - a +0 long sword
 n - a +2 long sword of flaming
 o - a +4 long sword
 s - the +2 rapier "Birilorgh" {venom, Str+3 SInv}
   (You found it in the Dungeon)

   It poisons the flesh of those it strikes.
   Str:       It affects your strength (+3).
   SInv:      It lets you see invisible.
 t - a +2 scimitar of flaming
 u - the +4 quarterstaff of Melacala {speed, Dex+4}
   (You found it in the Dungeon)

   Attacks with this weapon are significantly faster.
   Dex:       It affects your dexterity (+4).
 w - the +6 triple sword "Quloofoph" (weapon) {antimagic, rC+ Str-5 SInv}
   (Trog gifted it to you in the Dungeon)

   It reduces the magical energy of the wielder, and disrupts the spells and
   magical abilities of those it strikes.
   Natural abilities and divine invocations are not affected.
   Str:       It affects your strength (-5).
   rC:        It protects you from cold.
   SInv:      It lets you see invisible.
 x - a +4 triple sword of flaming
 z - a +1 antimagic lajatang
 A - a +6 battleaxe
 B - a +0 demon trident of freezing
Armour
 b - a +0 animal skin
 m - a +3 chain mail
 v - a +7 chain mail (worn)
 y - a +0 plate armour
Jewellery
 p - a +3 ring of evasion
 r - a +3 ring of dexterity (left hand)
 E - a ring of protection from fire (right hand)
 K - a ring of protection from fire
Wands
 J - a wand of acid (6)
Scrolls
 h - 3 scrolls of blinking
 k - a scroll of summoning
 H - a scroll of fog
 I - 3 scrolls of identify
Potions
 c - 8 potions of curing
 d - 6 potions of heal wounds
 e - 2 potions of haste
 f - 4 potions of magic
 g - 4 potions of berserk rage
 j - 2 potions of invisibility
 q - 3 potions of might
 C - a potion of resistance
 D - a potion of mutation
 L - a potion of flight


   Skills:
 + Level 19.5 Fighting
 + Level 23.9 Long Blades
 + Level 15.0 Armour
 + Level 9.8 Dodging
 + Level 2.5 Stealth


You had 10 spell levels left.
You didn't know any spells.
Your spell library was empty.

Dungeon Overview and Level Annotations

Branches:
Dungeon (1/1)

Altars:

Annotations:
D Sonja


Innate Abilities, Weirdness & Mutations

You have a pair of horns on your head.
You reflexively headbutt those who attack you in melee.
Your mind is acute. (Int +2)
Armour fits poorly on your strangely shaped body.
You are weak. (Str -2)


Message History

* * * LOW HITPOINT WARNING * * *
You are lethally poisoned!
The sea snake poisons you!
Unknown command.
You feel better.
The sea snake bites you but does no damage.
You feel much better. The sea snake bites you!
* * * LOW HITPOINT WARNING * * *
You are lethally poisoned!
The sea snake poisons you!
Sonja shouts, "Some dancing partner you are!"
You feel much better.
You feel extremely sick. The sea snake barely misses you.
You feel much better.
You feel extremely sick.
Sonja mumbles some strange words.
Sonja blinks!
The sea snake bites you but does no damage.
You're still recovering from your berserk rage.
You closely miss Sonja. Your headbutt misses Sonja.
You feel very sick.
Sonja hits you with a +2 short sword of distortion.
Space warps horribly around you!!
* * * LOW HITPOINT WARNING * * *
Sonja misses you.
Sonja hits you with a +2 short sword of distortion.
* * * LOW HITPOINT WARNING * * *
Space warps around you.
* * * LOW HITPOINT WARNING * * *
The sea snake bites you.
* * * LOW HITPOINT WARNING * * *
You slash Sonja!
Sonja's magic leaks into the air.
Sonja is moderately wounded.
* * * LOW HITPOINT WARNING * * *
You feel very sick.
Sonja hits you with a +2 short sword of distortion.
* * * LOW HITPOINT WARNING * * *
Space warps horribly around you!
You die...

###### #.... #...
#K.########
#.@S#.#9#9#
#..#9#.#.#
#..##G#)# #..#.#.#
#..##.#.#
#..###############
#.................
#.................
##########''#####


You could see a sea snake, an eye of devastation, a molten gargoyle and Sonja
(magic disrupted).

Vanquished Creatures
  Aizul (D)
  A ghost moth (D)
  A death knight (D)
  A fire crab (D)
  An orc knight (D)
  2 deep elf zephyrmancers (D)
  An orc sorcerer (D)
  2 elephants (D)
  3 cyclopes (D)
  A manticore (D)
  A guardian serpent (D)
  A naga mage (D)
  2 black mambas (D)
  A molten gargoyle (D)
  2 gargoyles (D)
  An orange demon (D)
  An efreet (D)
  2 ice devils (D)
  A red devil (D)
  A polar bear (D)
  2 tyrant leeches (D)
  3 blink frogs (D)
  A snapping turtle (D)
  3 spriggans (D)
  A shadow (D)
  4 yaks (D)
  2 water elementals (D)
  A fire bat (D)
  2 redbacks (D)
  A warg (D)
  2 nagas (D)
  An acid dragon (D)
  4 floating eyes (D)
  2 orc warriors (D)
  A sky beast (D)
  An ice beast (D)
  A black bear (D)
  A necrophage (D)
  3 scorpions (D)
  3 killer bees (D)
  11 wights (D)
  A hound (D)
  An iron imp (D)
  2 orc wizards (D)
  A small abomination (D)
  A mummy (D)
  An ufetubus (D)
  2 orcs (D)
  2 bats (D)
  A bat skeleton (D)
  A giant cockroach (D)
  A goblin (D)
  A ball python simulacrum (D)
  A kobold (D)
  2 rats (D)
95 creatures vanquished.

Notes
Turn   | Place    | Note
-------+----------+-------------------------------------------
     0 | D        | boopmooplesden the Minotaur Berserker began the quest for
                  | the Orb.
     0 | D        | Reached XP level 1. HP: 19/19 MP: 0/0
    10 | D        | Reached skill level 4 in Long Blades
    40 | D        | Noticed a scorpion
    43 | D        | Killed a scorpion
    44 | D        | Reached skill level 6 in Long Blades
    44 | D        | Reached XP level 2. HP: 31/31 MP: 1/1
    44 | D        | Reached XP level 3. HP: 38/38 MP: 2/2
    44 | D        | Reached ** piety under Trog
    48 | D        | Noticed a floating eye
    50 | D        | Killed a floating eye
    51 | D        | Reached skill level 8 in Long Blades
    51 | D        | Reached XP level 4. HP: 49/49 MP: 3/3
    51 | D        | Reached XP level 5. HP: 56/56 MP: 4/4
    56 | D        | Reached skill level 9 in Long Blades
   132 | D        | Reached *** piety under Trog
   147 | D        | Reached skill level 10 in Long Blades
   147 | D        | Reached skill level 5 in Armour
   147 | D        | Reached skill level 5 in Dodging
   150 | D        | Reached skill level 10 in Fighting
   150 | D        | Reached XP level 6. HP: 66/66 MP: 5/5
   153 | D        | Reached **** piety under Trog
   154 | D        | Reached skill level 11 in Long Blades
   315 | D        | Reached skill level 12 in Long Blades
   321 | D        | Reached ***** piety under Trog
   332 | D        | Noticed a floating eye
   335 | D        | Reached XP level 7. HP: 68/74 MP: 6/6
   343 | D        | Paralysed by a floating eye for 4 turns
   351 | D        | Reached skill level 13 in Long Blades
   355 | D        | Paralysed by a floating eye for 4 turns
   483 | D        | Reached skill level 14 in Long Blades
   485 | D        | Noticed a gargoyle
   490 | D        | Killed a gargoyle
   490 | D        | Reached ****** piety under Trog
   491 | D        | Reached XP level 8. HP: 75/85 MP: 7/7
   493 | D        | Received a gift from Trog
   497 | D        | Reached skill level 15 in Long Blades
   633 | D        | Noticed a deep elf zephyrmancer
   642 | D        | Killed a deep elf zephyrmancer
   643 | D        | Reached skill level 16 in Long Blades
   646 | D        | Identified the +6 triple sword "Quloofoph" {antimagic, rC+
                  | Str-5 SInv} (Trog gifted it to you in the Dungeon)
   646 | D        | Received a gift from Trog
   680 | D        | Got the +2 rapier "Birilorgh" {venom, Str+3 SInv}
   687 | D        | Got the +4 quarterstaff of Melacala {speed, Dex+4}
   701 | D        | Gained mutation: You have a pair of large horns on your
                  | head. [potion of mutation]
   701 | D        | Gained mutation: Armour fits poorly on your strangely
                  | shaped body. [potion of mutation]
   701 | D        | Gained mutation: You are weak. (Str -2) [potion of
                  | mutation]
   701 | D        | Gained mutation: Your mind is acute. (Int +2) [potion of
                  | mutation]
   779 | D        | Noticed a cyclops
   779 | D        | Noticed a manticore
   789 | D        | Reached XP level 9. HP: 68/94 MP: 2/8
   791 | D        | Killed a manticore
   792 | D        | Reached skill level 17 in Long Blades
   797 | D        | Killed a cyclops
  1207 | D        | Noticed an orc sorcerer
  1209 | D        | Noticed an orc knight
  1209 | D        | Noticed an elephant
  1209 | D        | Noticed a tyrant leech
  1210 | D        | Lost mutation: You have a pair of large horns on your head.
                  | [a neqoxec]
  1222 | D        | Killed an orc knight
  1222 | D        | Received a gift from Trog
  1223 | D        | Reached skill level 15 in Fighting
  1223 | D        | Reached skill level 18 in Long Blades
  1223 | D        | Reached skill level 1 in Stealth
  1225 | D        | Killed a tyrant leech
  1226 | D        | Reached skill level 10 in Armour
  1228 | D        | Killed an orc sorcerer
  1229 | D        | Reached skill level 19 in Long Blades
  1233 | D        | Killed an elephant
  1234 | D        | Reached XP level 10. HP: 106/106 MP: 3/9
  1343 | D        | Noticed an elephant
  1343 | D        | Noticed a gargoyle
  1350 | D        | Killed an elephant
  1350 | D        | Received a gift from Trog
  1357 | D        | Reached skill level 20 in Long Blades
  1365 | D        | Killed a gargoyle
  1736 | D        | Received a gift from Trog
  2036 | D        | Noticed a molten gargoyle
  2036 | D        | Noticed a cyclops
  2040 | D        | Killed a cyclops
  2048 | D        | Killed a molten gargoyle
  2049 | D        | Reached skill level 21 in Long Blades
  2282 | D        | Noticed a black mamba
  2283 | D        | Noticed a naga mage
  2284 | D        | Noticed a guardian serpent
  2288 | D        | Killed a black mamba
  2291 | D        | Killed a guardian serpent
  2295 | D        | Received a gift from Trog
  2298 | D        | Killed a naga mage
  2299 | D        | Reached XP level 11. HP: 117/117 MP: 3/10
  2508 | D        | Noticed a deep elf zephyrmancer
  2524 | D        | Reached skill level 22 in Long Blades
  2534 | D        | Received a gift from Trog
  2541 | D        | Killed a deep elf zephyrmancer
  2554 | D        | Received a gift from Trog
  2971 | D        | Noticed a death knight
  2976 | D        | Killed a death knight
  2977 | D        | Reached skill level 23 in Long Blades
  2985 | D        | Received a gift from Trog
  2988 | D        | Noticed Aizul
  3004 | D        | Killed Aizul
  3005 | D        | Noticed a fire crab
  3012 | D        | Noticed a ghost moth
  3015 | D        | Noticed a sea snake
  3021 | D        | Killed a fire crab
  3023 | D        | Noticed Sonja
  3025 | D        | Killed a ghost moth
  3026 | D        | Reached skill level 15 in Armour
  3037 | D        | Slain by Sonja

Illustrated notes

Levels and vault maps discovered:
D:        pitsprint [storerooms_1, entrance_room_1, metal_vault_1, armoury_1,
          mini_pit_1, grid_room_1, main_hall_1, silver_pit, the_coven_1,
          the_vestibule_1, steel_vault_3, golden_pit, hallway_of_sentries,
          crystal_vault_1, iron_vault_2, final_vault]

Skill      XL: |  1  2  3  4  5  6  7  8  9 10 11 |
---------------+----------------------------------+-----
Fighting       | 6 8 10 11 12 13 15 17 19 | 19.5
Long Blades    | 6 8 10 12 14 16 19 21 23 | 23.9
Armour         | 3 4 5 6 7 8 10 12 15 | 15.0
Dodging        | 3 4 5 6 7 8 9 |  9.8
Stealth        | 1 2 |  2.5

Action                   |  1- 3 |  4- 6 |  7- 9 | 10-12 || total
-------------------------+-------+-------+-------+-------++-------
Melee: Falchion          |     5 |    28 |       |       ||    33
       Headbutt          |       |     7 |    12 |    32 ||    51
       Long sword        |       |     8 |    33 |       ||    41
       Triple sword      |       |       |    33 |   144 ||   177
Invok: Berserk           |     1 |     1 |     3 |     5 ||    10
  Use: Potion            |       |       |     1 |    10 ||    11
       Scroll            |       |       |       |     5 ||     5
Armor: Animal skin       |     2 |     3 |       |       ||     5
       Chain mail        |       |     3 |    20 |    44 ||    67
Dodge: Dodged            |     8 |    29 |    11 |   111 ||   159
